 Dungeon Crawl Stone Soup version 0.25-a0-578-gc91f01c (webtiles) character file.

Game seed: 9910729774208904523, levelgen mode: deterministic

63 Faca the Firebug (level 3, 0/28 HPs)
             Began as a Draconian Fire Elementalist on Mar 5, 2020.
             Slain by Crazy Yiuf
             ... wielding a +4 quarterstaff of chaos
              (1 damage)
             ... while petrified by Crazy Yiuf
             ... on level 2 of the Dungeon.
             The game lasted 00:05:18 (1920 turns).

Faca the Firebug (Draconian Fire Elementalist)      Turns: 1920, Time: 00:05:19

Health: 0/28       AC:  5    Str: 10    XL:     3   Next: 89%
Magic:  4/6        EV:  2    Int: 16    God:
Gold:   59         SH:  0    Dex: 11    Spells: 6/7 levels left

rFire    . . .     SeeInvis .   i - +0 dagger (venom)
rCold    . . .     Gourm    .   (no shield)
rNeg     + + +     Faith    .   (armour unavailable)
rPois    ∞         Spirit   .   (helmet restricted)
rElec    .         Reflect  .   (no cloak)
rCorr    .         Harm     .   (no gloves)
MR       .....                  (no boots)
Stlth    ++........             (no amulet)
HPRegen  0.09/turn              (no ring)
MPRegen  0.10/turn              (no ring)

@: petrified
A: unfitting armour, cold-blooded, AC +5
a: no special abilities


You were on level 2 of the Dungeon.
You were not hungry.

You visited 1 branch of the dungeon, and saw 2 of its levels.

You collected 59 gold pieces.

Inventory:

Hand Weapons
 i - a +0 dagger of venom (weapon)
Jewellery
 f - an uncursed amulet of regeneration
Scrolls
 a - 3 scrolls of remove curse {unknown}
 d - 2 scrolls of identify {unknown}
 e - 2 scrolls of teleportation {unknown}
 h - a scroll of blinking {unknown}
 j - a scroll of enchant armour {unknown}
 k - a scroll of enchant weapon {unknown}
 l - a scroll of immolation {unknown}
Potions
 c - 2 potions of curing
Comestibles
 b - a ration


   Skills:
 + Level 1.3 Fighting
 - Level 1.8 Dodging
 - Level 2.0 Stealth
 - Level 0.2 Unarmed Combat
 + Level 2.5 Spellcasting
 - Level 1.0 Conjurations
 + Level 4.0 Fire Magic


You had 6 spell levels left.
You knew the following spells:

 Your Spells              Type           Power        Failure   Level  Hunger
a - Foxfire               Conj/Fire      ##..         7%          1    #......

Your spell library contained the following spells:

 Spells                   Type           Power        Failure   Level  Hunger
 Conjure Flame            Conj/Fire      ##......     22%         3    ###....
 Inner Flame              Hex/Fire       #.......     26%         3    ###....
 Sticky Flame             Conj/Fire      ##......     56%         4    #####..
 Fireball                 Conj/Fire      ##........   89%         5    ######.


Dungeon Overview and Level Annotations

Branches:
Dungeon (2/15)

Altars:

Annotations:
D:2 Crazy Yiuf


Innate Abilities, Weirdness & Mutations

Your plain brown scales are hard. (AC +5)
You cannot fit into any form of body armour.
You are cold-blooded and may be slowed by cold attacks.


Message History

* * * LOW HITPOINT WARNING * * *
You feel sick.
The foxfire hits Crazy Yiuf.
Crazy Yiuf is heavily wounded.
The foxfire hits Crazy Yiuf but does no damage.
Crazy Yiuf is heavily wounded.
Crazy Yiuf hits you with a +4 quarterstaff of chaos!
* * * LOW HITPOINT WARNING * * *
You are more poisoned.
Your limbs are stiffening.
It was a potion of curing.
You feel better. Crazy Yiuf barely misses you.
You have turned to stone.
Crazy Yiuf says, "Key!"
Crazy Yiuf hits you with a +4 quarterstaff of chaos!
* * * LOW HITPOINT WARNING * * *
Crazy Yiuf burns you.
* * * LOW HITPOINT WARNING * * *
Crazy Yiuf hits you with a +4 quarterstaff of chaos!
* * * LOW HITPOINT WARNING * * *
Crazy Yiuf burns you.
You die...

#############.####.# ##.# #.###
#..# #...# ### ♣♣##### ###.#
#)..#♣♣ ♣♣.#..### #.#
#...'.♣♣♣♣.......# #.#
#...#♣g.♣........# #.# ###
♣♣♣.♣..#....# #.#
♣♣♣♣♣##g@.#####.### #...#.......#
#### ### ##.###.###.#(# #..###.#
#..# #.###.#.# ###......###.##
#.##..#.# #......#.....#
#.##.##.# #.##.#.###.####
#.##.##.# #.##.#........#
#.......# ##
###.##.......##.######.#########.


You could see Crazy Yiuf.

Vanquished Creatures
  2 adders (D:2)
  A worm (D:2)
  A dart slug (D:1)
  2 leopard geckos (D:1)
  2 ball pythons
  6 bats
  2 goblins
  6 hobgoblins
  2 jackals (D:2)
  A quokka (D:2)
  4 frilled lizards
  7 kobolds
  3 rats
39 creatures vanquished.

Vanquished Creatures (others)
  21 foxfires
21 creatures vanquished.

Grand Total: 60 creatures vanquished

Notes
Turn   | Place    | Note
-------+----------+-------------------------------------------
     0 | D:1      | Faca the Draconian Fire Elementalist began the quest for
                  | the Orb.
     0 | D:1      | Reached XP level 1. HP: 14/14 MP: 3/3
   196 | D:1      | Reached XP level 2. HP: 11/20 MP: 3/5
   909 | D:2      | Reached XP level 3. HP: 26/27 MP: 4/6
  1339 | D:2      | Found a runed translucent door.
  1340 | D:2      | Noticed Crazy Yiuf
  1393 | D:2      | Reached skill level 1 in Fighting
  1608 | D:2      | Reached skill level 4 in Fire Magic
  1920 | D:2      | HP: 1/28 [Crazy Yiuf/+4 quarterstaff of chaos (6)]
  1920 | D:2      | Slain by Crazy Yiuf

Levels and vault maps discovered:
D:1:      roderic_crop_circles_arrival_small, layout_rooms
D:2:      layout_loops_cross, uniq_crazy_yiuf_cottage

Skill      XL: |  1  2  3 |
---------------+----------+-----
Stealth        | 2 |  2.0
Fighting       | 1 |  1.3
Fire Magic     | 4 |  4.0
Dodging        | |  1.8
Unarmed Combat | |  0.2
Spellcasting   | |  2.5
Conjurations   | |  1.0

Action                   || total
-------------------------++-------
Melee: Unarmed           ||     9
       Tailslap          ||    13
       Short sword       ||    41
       Dagger            ||    44
 Cast: Foxfire           ||    16
  Use: Potion            ||     1
 Stab: Sleeping          ||     6
  Eat: Chunk             ||     3
Armor: Skin              ||    34
Dodge: Dodged            ||    70

Table legend:
 A = Non-vault XP
 B = Vault XP
 C = Vault XP percentage of total XP
 D = Non-vault monster count
 E = Vault monster count
 F = Vault count percentage of total count
                 A         B        C        D         E       F
            +---------+---------+-------+---------+---------+-------
      Total |      91 |       0 |   0.0 |      39 |       0 |   0.0
            +---------+---------+-------+---------+---------+-------
        D:1 |      28 |       0 |   0.0 |      14 |       0 |   0.0
        D:2 |      63 |       0 |   0.0 |      25 |       0 |   0.0
            +---------+---------+-------+---------+---------+-------
